 Dungeon Crawl Stone Soup version 0.26-a0-1147-g3780a7a11b (webtiles) character file.

Game seed: 7676639179473299523

1 Dracia the Grasshopper (level 1, -1/16 HPs)
             Began as a Demonspawn Warper on Dec 22, 2020.
             Slain by an ooze (2 damage)
             ... on level 1 of the Dungeon.
             The game lasted 00:00:08 (32 turns).

Dracia the Grasshopper (Demonspawn Warper)            Turns: 32, Time: 00:00:08

Health: -1/16      AC:  3    Str: 11    XL:     1   Next: 16%
Magic:  3/3        EV: 11    Int: 14    God:
Gold:   0          SH:  0    Dex: 12    Spells: 4/4 levels left

rFire    . . .     SeeInvis .   a - +0 short sword
rCold    . . .     Faith    .   (no shield)
rNeg     . . .     Spirit   .   b - +0 leather armour
rPois    .         Reflect  .   (no helmet)
rElec    .         Harm     .   (no cloak)
rCorr    .         Rampage  .   (no gloves)
Will     .....                  (no boots)
Stlth    +.........             (no amulet)
HPRegen  0.05/turn              (no ring)
MPRegen  0.08/turn              (no ring)

@: no status effects
A: no striking features
a: no special abilities


You were on level 1 of the Dungeon.
You visited 1 branch of the dungeon, and saw 1 of its levels.


   Skills:
 - Level 2.0 Fighting
 - Level 1.7 Short Blades
 - Level 0.8 Throwing
 - Level 0.8 Armour
 - Level 1.7 Dodging
 + Level 2.0 Spellcasting
 + Level 2.7 Translocations


You had 4 spell levels left.
You didn't know any spells.
Your spell library contained the following spells:

 Spells                   Type           Power        Failure   Level
 Blink                    Tloc           N/A          16%         2
 Gell's Gravitas          Tloc           4%           30%         3
 Lesser Beckoning         Tloc           4%           30%         3
 Teleport Other           Tloc           9%           30%         3
 Passage of Golubria      Tloc           N/A          69%         4

Inventory:

Hand Weapons
 a - a +0 short sword (weapon)
Missiles
 e - 5 boomerangs of dispersal (quivered) {=f=f}
Armour
 b - a +0 leather armour (worn)
Scrolls
 d - a scroll of blinking

Dungeon Overview and Level Annotations

Branches:
Dungeon (1/15)

Altars:

.....#.....# .#
P.P..#...#.##..#
#≈#P.#...#..#..###
#≈##.#...##.#....
≈≈≈≈.....##.##.. #####
#≈##.....##..#.# ......
#≈#P.#...###.#.###......
P..#...###.....l......
#......@J......
#......8...8...
#....>...#...#.
#...##.$## .##
#...##...# .#
+....##.8... .. #....
#...#.. . #.?. ##!###.#
... .. ..


You could see an ooze and a frilled lizard.


Message History

The ooze hits you.
You hit the ooze.
The ooze is moderately wounded.
The ooze barely misses you.
You hit the ooze.
The ooze is severely wounded.
The ooze hits you.
* * * LOW HITPOINT WARNING * * *
You are too injured to fight recklessly!
You are too injured to fight recklessly!
You are too injured to fight recklessly!
You hit the ooze but do no damage.
The ooze is severely wounded.
The ooze hits you.
* * * LOW HITPOINT WARNING * * *
You hit the ooze.
The ooze is almost dead.
The ooze barely misses you.
The frilled lizard completely misses you.
You barely miss the ooze.
The ooze is almost dead.
The ooze hits you but does no damage. The frilled lizard bites you.
* * * LOW HITPOINT WARNING * * *
The ooze hits you.
* * * LOW HITPOINT WARNING * * *
You hit the ooze.
The ooze is almost dead.
The frilled lizard bites you but does no damage.
The ooze hits you.
You die...

Action                   || total
-------------------------++-------
Melee: Short sword       ||    13
Armor: Leather armour    ||     7
Dodge: Dodged            ||     7

Levels and vault maps discovered:
D:1:      eino_arrival_water_cross, layout_basic, minmay_misc_feat_four_crosses,
          moated_statue

Notes
Turn   | Place    | Note
-------+----------+-------------------------------------------
     0 | D:1      | Dracia the Demonspawn Warper began the quest for the Orb.
     0 | D:1      | Reached XP level 1. HP: 16/16 MP: 3/3
    31 | D:1      | HP: 1/16 [ooze (4)]
    32 | D:1      | Slain by an ooze

Vanquished Creatures
  A bat (D:1)
1 creature vanquished.

Table legend: (Time is in decaauts)
 A = Elapsed time spent in this place.
 B = Non-inter-level travel time spent in this place.
 C = Inter-level travel time spent in this place.
 D = Time resting spent in this place.
 E = Time spent auto-exploring this place.
 F = Levels seen in this place.
 G = Mean time per level.
                   A        B        C        D        E       F      G
               +--------+--------+--------+--------+--------+-----+--------+
         Total |     32 |     32 |      0 |      0 |     13 |   1 |   32.0 |
       Dungeon |     32 |     32 |      0 |      0 |     13 |   1 |   32.0 |
               +--------+--------+--------+--------+--------+-----+--------+

Top non-repeatable levels by time:
     D:1: 32 daAuts

Table legend:
 A = Non-vault XP
 B = Vault XP
 C = Vault XP percentage of total XP
 D = Non-vault monster count
 E = Vault monster count
 F = Vault count percentage of total count
                 A         B        C        D         E       F
            +---------+---------+-------+---------+---------+-------
      Total |       2 |       0 |   0.0 |       1 |       0 |   0.0
            +---------+---------+-------+---------+---------+-------
        D:1 |       2 |       0 |   0.0 |       1 |       0 |   0.0
            +---------+---------+-------+---------+---------+-------
